Match 46241336
Unlisted

Match 46241336
End
Panzergrenadier Squad
Panzergrenadier Squad
250 Light Carrier
Construct Light Support Kompanie
Fire Support Elements
Pak 38 Anti-tank Gun Team
2.5-tonne Medical Truck
le.IG 18 Mechanized Group
Construct Panzerarmee Kommand
Panzer III L Medium Tank
Veteran Squad Leaders
Selects Italian Infantry
Selects Defensive Operations
Selects Territory Booby Traps
Selects Obice 305mm Barrage
Panzer III L Medium Tank
Tungsten Core Ammunition
Selects Guastatori Squad
Selects Registered Artillery
Registered Artillery
Construct Mechanized Kompanie
18-tonne Recovery Half-track
Selects Towed Cannone da 105/28 Field Howitzer
mi prima de Cifuentes
来吃鱼啊
Kim
ionwood
patito
Weebanori
did u guys freeze
jaws2005
0
0

Comments sign in to comment!

No comments posted yet!